 Dungeon Crawl Stone Soup version 0.31.0-9-g3a7656b989 (webtiles) character file.

Game seed: 18302455082595554484

105 qw the Skirmisher (level 4, 0/25 HPs)
             Began as a Deep Elf Hunter on Feb 2, 2024.
             Killed by nerve-wracking pain
             ... invoked by an orc priest
              (10 damage)
             ... on level 3 of the Dungeon.
             The game lasted 00:00:07 (2163 turns).

qw the Skirmisher (Deep Elf Hunter)                 Turns: 2163, Time: 00:00:07

Health: 0/25       AC:  6    Str: 10    XL:     4   Next: 53%
Magic:  6/6        EV: 11    Int: 14    God:
Gold:   64         SH:  0    Dex: 18    Spells: 3/3 levels left

rFire   . . .        a - +0 shortbow
rCold   . . .        (shield currently unavailable)
rNeg    . . .        f - +0 ring mail
rPois   .            d - +0 helmet
rElec   .            (no cloak)
rCorr   .            (no gloves)
SInv    .            (no boots)
Will    .....        (no amulet)
Stlth   +            (no ring)
HPRegen 0.24/turn    (no ring)
MPRegen 0.10/turn

%: no passive effects
@: no status effects
A: no striking features
a: no special abilities


You were on level 3 of the Dungeon.
You visited 1 branch of the dungeon, and saw 3 of its levels.

You collected 97 gold pieces.
You spent 33 gold pieces at shops.


   Skills:
 - Level 1.5 Fighting
 + Level 8.0 Ranged Weapons
 - Level 2.4 Dodging
 - Level 1.2 Stealth


You had 3 spell levels left.
You didn't know any spells.
Your spell library was empty.

Inventory:

Hand Weapons
 a - a +0 shortbow (weapon)
Armour
 d - a +0 helmet (worn)
 f - a +0 ring mail (worn)
Scrolls
 b - a scroll of teleportation
 e - a scroll of noise {unknown}
Potions
 c - 2 potions of curing
 g - a potion of magic {unknown}
 h - a potion of might {unknown}

Dungeon Overview and Level Annotations

Branches:
Dungeon (3/15)

Altars:

Shops:
D:3 !


Message History

Pain shoots through your body!
You shoot an arrow. The arrow hits the orc.
The orc is almost dead.
The orc hits you with a +0 whip.
The orc priest calls upon Beogh to heal the orc.
The orc is healed somewhat.
The orc misses you.
You shoot an arrow. The arrow closely misses the orc.
The orc barely misses you.
An orc comes into view. It is wielding a +0 dagger.
You shoot an arrow. The arrow hits the orc.
The orc is moderately wounded.
The orc hits you but does no damage.
You shoot an arrow. The arrow closely misses the orc.
The orc misses you.
You shoot an arrow. The arrow hits the orc.
The orc is severely wounded.
The orc barely misses you. The orc closely misses you.
You shoot an arrow. The arrow completely misses the orc.
The orc barely misses you.
The orc priest hits you but does no damage.
The orc hits you but does no damage. x2; The orc closely misses you.
The orc priest hits you with a +0 club.
You shoot an arrow. The arrow hits the orc!
You kill the orc!
The orc closely misses you.
The orc priest hits you but does no damage.
Your Ranged Weapons skill increases to level 8!
You shoot an arrow. The arrow hits the orc priest.
The orc priest is moderately wounded.
The orc barely misses you.
You shoot an arrow. The arrow hits the orc priest.
The orc priest is heavily wounded.
The orc barely misses you.
The orc priest hits you but does no damage.
You shoot an arrow. The arrow hits the orc priest.
The orc priest is heavily wounded.
The orc hits you with a +0 dagger. The orc hits you with a +0 hand axe.
The orc priest invokes the aid of Beogh against you.
Pain shoots through your body!
You die...

....# #.# #.#.# #.##
....# #.# #.#.###...
....# #.# #.#.......
....# #.# #.#.......
....# #.# #.#.......
....# ####'######
#.##...... +#+##
#.........# #......
.#.#####........o###.###
#......
.#.....'........@o......
.......
..######........o###.###
########
.......+.........+
......##.........#
......##.........#
......##.........# .####
......##.........# .....
......########+### #####
......# ..


You could see an orc priest and 2 orcs.

Vanquished Creatures
  An iguana (D:3)
  2 adders (D:2)
  A dart slug (D:3)
  2 orcs (D:3)
  6 endoplasms
  3 giant cockroaches
  5 goblins
  8 hobgoblins
  2 kobolds
  3 quokkas
  10 ball pythons
  2 bats (D:1)
  3 frilled lizards
  5 rats
53 creatures vanquished.

Notes
Turn   | Place    | Note
-------+----------+-------------------------------------------
     0 | D:1      | qw the Deep Elf Hunter began the quest for the Orb.
     0 | D:1      | Reached XP level 1. HP: 12/12 MP: 3/3
     0 | D:1      | 0 ||| qw: Version: 0.3-a-155-g5e7d8dd
     0 | D:1      | 0 ||| qw: Game counter: 545
     0 | D:1      | 0 ||| qw: Melee chars always use a shield: true
     0 | D:1      | 0 ||| qw: God list: Okawaru
     0 | D:1      | 0 ||| qw: Allow faded altars: false
     0 | D:1      | 0 ||| qw: Do Orc after clearing Dungeon:15 true
     0 | D:1      | 0 ||| qw: Do second Lair branch before Depths: true
     0 | D:1      | 0 ||| qw: Lair rune preference: random
     0 | D:1      | 0 ||| qw: Goals: Normal
     0 | D:1      | 0 ||| PLANNING D:1-11
   231 | D:1      | Reached skill level 6 in Ranged Weapons
   231 | D:1      | Reached XP level 2. HP: 16/16 MP: 4/4
   860 | D:1      | 860 ||| UPGRADING to +0 ring mail.
   870 | D:1      | 870 ||| DROPPING +0 leather armour.
   871 | D:1      | 871 ||| READING scroll labelled WEZEM ZEIGH.
   872 | D:1      | 872 ||| READING scroll labelled VOUGHO PATIU.
   873 | D:1      | 873 ||| DROPPING scroll of butterflies.
   875 | D:1      | 875 ||| Stepping ~*~*~tactically~*~*~ (cloud).
   995 | D:2      | Reached XP level 3. HP: 20/20 MP: 5/5
  1053 | D:2      | Reached skill level 7 in Ranged Weapons
  1330 | D:2      | Found a faded altar of an unknown god.
  1487 | D:2      | Reached XP level 4. HP: 25/25 MP: 6/6
  1765 | D:2      | 1765 ||| UPGRADING to +0 helmet.
  1770 | D:2      | 1770 ||| READING scroll labelled ZUPTYM HOGERI.
  1774 | D:2      | 1774 ||| READING 2 scrolls labelled LAER HEIDAD.
  1775 | D:2      | 1775 ||| READING scroll labelled RACIGU REYCLIMM.
  1776 | D:2      | 1776 ||| DROPPING scroll of fog.
  1871 | D:3      | Found Ukhli's Distillery.
  1879 | D:3      | 1879 ||| BUYING potion of curing (33 gold).
  1879 | D:3      | Bought a potion of curing for 33 gold pieces
  1879 | D:3      | 1879 ||| SHOPLISTING potion of curing (33 gold, have 29).
  1879 | D:3      | 1879 ||| SHOPLISTING potion of enlightenment (55 gold, have
                  | 29).
  1879 | D:3      | 1879 ||| SHOPLISTING potion of heal wounds (55 gold, have
                  | 29).
  1879 | D:3      | 1879 ||| SHOPLISTING potion of might (44 gold, have 29).
  1879 | D:3      | 1879 ||| SHOPLISTING potion of resistance (110 gold, have
                  | 29).
  2161 | D:3      | Reached skill level 8 in Ranged Weapons
  2163 | D:3      | Killed from afar by an orc priest

Levels and vault maps discovered:
D:1:      ldierk_walled_garden, layout_loops_corners
D:2:      minmay_alternating_diamond, layout_basic,
          dreamdust_ecumenical_altar_grove, minmay_misc_feat_nine_boxes,
          minmay_misc_feat_hallway
D:3:      layout_basic, serial_shops, shop

Skill      XL: |  1  2  3  4 |
---------------+-------------+-----
Ranged Weapons | 6 7 8 |  8.0
Fighting       | |  1.5
Dodging        | |  2.4
Stealth        | |  1.2

Action                     |  1- 3 |  4- 6 || total
---------------------------+-------+-------++-------
   Fire: Shortbow          |   119 |    31 ||   150
    Use: Scroll            |     2 |     3 ||     5
 Armour: Leather armour    |     8 |       ||     8
         Ring mail         |     7 |    11 ||    18
  Dodge: Dodged            |    27 |    10 ||    37

Table legend:
 A = Non-vault XP
 B = Vault XP
 C = Vault XP percentage of total XP
 D = Non-vault monster count
 E = Vault monster count
 F = Vault count percentage of total count
                 A         B        C        D         E       F
            +---------+---------+-------+---------+---------+-------
      Total |     130 |      20 |  13.3 |      49 |       4 |   7.5
            +---------+---------+-------+---------+---------+-------
        D:1 |      38 |       0 |   0.0 |      24 |       0 |   0.0
        D:2 |      40 |      20 |  33.3 |      18 |       4 |  18.2
        D:3 |      52 |       0 |   0.0 |       7 |       0 |   0.0
            +---------+---------+-------+---------+---------+-------
